AA - U28
ROCKET CITY TRASH PANDAS @ ALEXANDRIA ACES
06/03/2052
 
TOP OF THE 1ST
Chattanooga Scouts batting - Pitching for Jacksonville Jumbo Shrimp : RHP Félix Valle
Pitching: RHP Félix Valle
Batting: RHB Evan Montgomery 0-0: Ball
1-0: DOUBLE (Line Drive, 7LS, EV 90.0 MPH)
Batting: LHB Sebastián Minaya 0-0: Ball
1-0: Fly out, F4 (Line Drive, 4, EV 71.9 MPH)
Batting: RHB Issac Clark 0-0: Ball
1-0: Ball
2-0: Ball
3-0: Called Strike
3-1: Foul Ball, location: 9LSF
3-2: Foul Ball, location: 9LDF
3-2: Foul Ball, location: 5F
3-2: Base on Balls
Batting: LHB Nate Fritz 0-0: Foul Ball, location: 7LDF
0-1: Called Strike
Evan Montgomery steals 3rd base
0-2: Strikes out swinging
Batting: LHB Pete Carter 0-0: Called Strike
0-1: Called Strike
0-2: Ball
1-2: Ball
2-2: SINGLE (Flyball, 7LS, EV 100.6 MPH)
Evan Montgomery scores
Issac Clark to second
Batting: RHB Parlan Mathis 0-0: Called Strike
0-1: Foul Ball, location: 2F
0-2: Fly out, F9 (Flyball, 9S, EV 91.3 MPH)
Top of the 1st over - 1 run, 2 hits, 0 errors, 2 left on base; Chattanooga 1 - Jacksonville 0
BOTTOM OF THE 1ST
Jacksonville Jumbo Shrimp batting - Pitching for Chattanooga Scouts : RHP Roberto Bush
Pitching: RHP Roberto Bush
Batting: LHB Jaxson Clemons 0-0: Called Strike
0-1: SINGLE (Line Drive, 7LS, EV 103.8 MPH)
Batting: LHB David Almager 0-0: Ball
Jaxson Clemons is caught stealing 2nd base 2-6
1-0: Fly out, F7 (Flyball, 7S, EV 86.3 MPH)
Batting: RHB Ezra Simmons 0-0: Ball
1-0: Foul Ball, location: 2F
1-1: Swinging Strike
1-2: Foul Ball, location: 3F
1-2: Fly out, F8 (Flyball, 8RD, EV 106.3 MPH)
Bottom of the 1st over - 0 runs, 1 hit, 0 errors, 0 left on base; Chattanooga 1 - Jacksonville 0
TOP OF THE 2ND
Chattanooga Scouts batting - Pitching for Jacksonville Jumbo Shrimp : RHP Félix Valle
Batting: RHB Zach Carlson 0-0: DOUBLE (Line Drive, 9LS, EV 100.0 MPH)
Batting: RHB Luís Yepes 0-0: Ball
1-0: Ball
2-0: Ball
3-0: Base on Balls
Batting: RHB Woody Garcia 0-0: Called Strike
0-1: Sac Bunt to 13S - play at first, batter OUT! 1-3
Zach Carlson to third
Luís Yepes to second
Batting: RHB Evan Montgomery 0-0: Foul Ball, location: 2F
0-1: Ball
1-1: Hit by Pitch
Batting: LHB Sebastián Minaya 0-0: Ball
1-0: Foul Ball, location: 23F
1-1: Swinging Strike
1-2: Ball
2-2: Fly out, F9 (Flyball, 89D, EV 101.9 MPH)
Runner from 3rd tags up, SCORES, no throw by RF
Batting: RHB Issac Clark 0-0: Ball
1-0: Foul Ball, location: 2F
1-1: Ground out 3-1 (Groundball, 34S, EV 85.0 MPH)
Top of the 2nd over - 1 run, 1 hit, 0 errors, 2 left on base; Chattanooga 2 - Jacksonville 0
BOTTOM OF THE 2ND
Jacksonville Jumbo Shrimp batting - Pitching for Chattanooga Scouts : RHP Roberto Bush
Batting: LHB Jaguare Campos 0-0: Fly out, F8 (Flyball, 8RD, EV 106.9 MPH)
Batting: LHB Zully Santos 0-0: Fly out, F7 (Flyball, 7D, EV 103.1 MPH)
Batting: RHB Jenaro López 0-0: Ball
1-0: Called Strike
1-1: Ball
2-1: SINGLE (Groundball, 3S, EV 65.0 MPH) (infield hit)
Batting: RHB Usher Bush 0-0: SINGLE (Groundball, 34D, EV 110.0 MPH)
Jenaro López to second
Runner from 2nd tries for 3rd, SAFE, throw by RF made to third
Batting: LHB Adrián Soto 0-0: Called Strike
0-1: Ball
1-1: Fly out, F7 (Flyball, 7, EV 93.1 MPH)
Bottom of the 2nd over - 0 runs, 2 hits, 0 errors, 2 left on base; Chattanooga 2 - Jacksonville 0
TOP OF THE 3RD
Chattanooga Scouts batting - Pitching for Jacksonville Jumbo Shrimp : RHP Félix Valle
Batting: LHB Nate Fritz 0-0: Ground out 5-3 (Groundball, 56, EV 86.9 MPH)
Batting: LHB Pete Carter 0-0: Ball
1-0: Called Strike
1-1: Called Strike
1-2: Foul Ball, location: 3F
1-2: Foul Ball, location: 3F
1-2: Fly out, F8 (Flyball, 8LM, EV 95.6 MPH)
Batting: RHB Parlan Mathis 0-0: Ball
1-0: Foul Ball, location: 23F
1-1: Called Strike
1-2: Foul Ball, location: 9LMF
1-2: Ball
2-2: Ground out 4-3 (Groundball, 34, EV 106.9 MPH)
Top of the 3rd over - 0 runs, 0 hits, 0 errors, 0 left on base; Chattanooga 2 - Jacksonville 0
BOTTOM OF THE 3RD
Jacksonville Jumbo Shrimp batting - Pitching for Chattanooga Scouts : RHP Roberto Bush
Batting: LHB Mason O'Donnell 0-0: Ball
1-0: Fly out, F8 (Flyball, 8RXD, EV 95.6 MPH)
Batting: LHB Jaxson Clemons 0-0: Foul Ball, location: 9LSF
0-1: Swinging Strike
0-2: Strikes out swinging
Batting: LHB David Almager 0-0: Ball
1-0: Swinging Strike
1-1: Ball
2-1: Foul Ball, location: 7LDF
2-2: Foul Ball, location: 2F
2-2: Ground out 4-3 (Groundball, 34D, EV 95.0 MPH)
Bottom of the 3rd over - 0 runs, 0 hits, 0 errors, 0 left on base; Chattanooga 2 - Jacksonville 0
TOP OF THE 4TH
Chattanooga Scouts batting - Pitching for Jacksonville Jumbo Shrimp : RHP Félix Valle
Batting: RHB Zach Carlson 0-0: Called Strike
0-1: Ball
1-1: Called Strike
1-2: Foul Ball, location: 25F
1-2: Fly out, F7 (Flyball, 7D, EV 101.9 MPH)
Batting: RHB Luís Yepes 0-0: Foul Ball, location: 9LDF
0-1: Ball
1-1: Swinging Strike
1-2: SINGLE (Line Drive, 7LS, EV 91.3 MPH)
Batting: RHB Woody Garcia 0-0: Ball
1-0: Called Strike
1-1: Ball
2-1: Swinging Strike
2-2: Strikes out swinging
Batting: RHB Evan Montgomery 0-0: Fly out, F8 (Flyball, 78M, EV 95.6 MPH)
Top of the 4th over - 0 runs, 1 hit, 0 errors, 1 left on base; Chattanooga 2 - Jacksonville 0
BOTTOM OF THE 4TH
Jacksonville Jumbo Shrimp batting - Pitching for Chattanooga Scouts : RHP Roberto Bush
Batting: RHB Ezra Simmons 0-0: Foul Ball, location: 2F
0-1: Ball
1-1: SINGLE (Line Drive, 8LS, EV 104.4 MPH)
Batting: LHB Jaguare Campos 0-0: Called Strike
0-1: Ball
1-1: Foul Ball, location: 2F
1-2: Foul Ball, location: 2F
1-2: Fly out, F8 (Flyball, 8LS, EV 89.4 MPH)
Batting: LHB Zully Santos 0-0: SINGLE (Groundball, 23, EV 66.9 MPH) (infield hit)
Ezra Simmons to second
Batting: RHB Jenaro López 0-0: Swinging Strike
0-1: Fielders Choice at 2nd, 3-6 (Groundball, 3, EV 101.9 MPH)
Ezra Simmons to third
Batting: RHB Usher Bush 0-0: Fly out, F7 (Flyball, 78S, EV 90.6 MPH)
Bottom of the 4th over - 0 runs, 2 hits, 0 errors, 2 left on base; Chattanooga 2 - Jacksonville 0
TOP OF THE 5TH
Chattanooga Scouts batting - Pitching for Jacksonville Jumbo Shrimp : RHP Félix Valle
Batting: LHB Sebastián Minaya 0-0: Ball
1-0: Ball
2-0: Swinging Strike
2-1: Called Strike
2-2: Ground out 6-3 (Groundball, P, EV 99.4 MPH)
Batting: RHB Issac Clark 0-0: Foul Ball, location: 2F
0-1: Ball
1-1: Fly out, F8 (Flyball, 8LD, EV 90.0 MPH)
Batting: LHB Nate Fritz 0-0: Foul Ball, location: 5DF
0-1: Ball
1-1: Foul Ball, location: 9LSF
1-2: Ball
2-2: Ground out 5-3 (Groundball, 56, EV 83.1 MPH)
Top of the 5th over - 0 runs, 0 hits, 0 errors, 0 left on base; Chattanooga 2 - Jacksonville 0
BOTTOM OF THE 5TH
Jacksonville Jumbo Shrimp batting - Pitching for Chattanooga Scouts : RHP Roberto Bush
Batting: LHB Adrián Soto 0-0: Ball
1-0: Ground out U3 (Groundball, 3S, EV 88.8 MPH)
Batting: LHB Mason O'Donnell 0-0: Ball
1-0: Ball
2-0: Called Strike
2-1: Ball
3-1: Foul Ball, location: 9LMF
3-2: Ground out 4-3 (Groundball, 34D, EV 100.0 MPH)
Batting: LHB Jaxson Clemons 0-0: Ball
1-0: Swinging Strike
1-1: Ball
2-1: Ball
3-1: Fly out, F9 (Line Drive, 89M, EV 90.0 MPH)
Bottom of the 5th over - 0 runs, 0 hits, 0 errors, 0 left on base; Chattanooga 2 - Jacksonville 0
TOP OF THE 6TH
Chattanooga Scouts batting - Pitching for Jacksonville Jumbo Shrimp : RHP Félix Valle
Pitching: LHP Lee Huwe
Batting: LHB Pete Carter 0-0: Called Strike
0-1: Called Strike
0-2: Strikes out swinging
Batting: RHB Parlan Mathis 0-0: Ground out 5-3 (Groundball, 56, EV 88.8 MPH)
Batting: RHB Zach Carlson 0-0: Ball
1-0: SINGLE (Line Drive, 8LS, EV 103.8 MPH)
Batting: RHB Luís Yepes 0-0: SINGLE (Flyball, 3D, EV 99.4 MPH)
Zach Carlson to second
Runner from 2nd tries for 3rd, SAFE, throw by RF made to third
Batting: RHB Woody Garcia 0-0: Swinging Strike
0-1: Ball
1-1: Foul Ball, location: 2F
1-2: Ground out 1-3 (Groundball, 15, EV 68.8 MPH)
Top of the 6th over - 0 runs, 2 hits, 0 errors, 2 left on base; Chattanooga 2 - Jacksonville 0
BOTTOM OF THE 6TH
Jacksonville Jumbo Shrimp batting - Pitching for Chattanooga Scouts : RHP Roberto Bush
Batting: LHB David Almager 0-0: Called Strike
0-1: Ball
1-1: SINGLE (Groundball, 13S, EV 66.3 MPH) (infield hit)
Batting: RHB Ezra Simmons
Pinch Hitting: LHB Miguel Perez 0-0: Foul Ball, location: 3FF
0-1: Called Strike
0-2: Foul Ball, location: 7LSF
0-2: Foul Ball, location: 9LSFF
0-2: Ball
1-2: Grounds out, U3 (Groundball, 3L, EV 83.8 MPH)
Batting: LHB Jaguare Campos 0-0: Ball
1-0: Ball
2-0: Ball
3-0: Called Strike
3-1: Base on Balls
Batting: LHB Zully Santos 0-0: Called Strike
0-1: Ball
1-1: Foul Ball, location: 7LMF
1-2: Ball
2-2: Strikes out swinging
Batting: RHB Jenaro López 0-0: Swinging Strike
0-1: Ball
1-1: Ball
Wild Pitch!
David Almager to third
Jaguare Campos to second
2-1: Ground out 6-3 (Groundball, 6, EV 87.5 MPH)
Bottom of the 6th over - 0 runs, 1 hit, 0 errors, 2 left on base; Chattanooga 2 - Jacksonville 0
TOP OF THE 7TH
Chattanooga Scouts batting - Pitching for Jacksonville Jumbo Shrimp : LHP Lee Huwe
Now at 3B: Benjamin Porter
Batting: RHB Evan Montgomery 0-0: Called Strike
0-1: Ball
1-1: Ball
2-1: Fly out, F8 (Line Drive, 8LM, EV 93.8 MPH)
Batting: LHB Sebastián Minaya 0-0: Ball
1-0: Ball
2-0: Called Strike
2-1: Swinging Strike
2-2: Ball
3-2: Foul Ball, location: 2F
3-2: Strikes out looking
Batting: RHB Issac Clark 0-0: Swinging Strike
0-1: SINGLE (Line Drive, 4MD, EV 96.9 MPH)
Batting: LHB Nate Fritz 0-0: Ball
1-0: Swinging Strike
1-1: SINGLE (Line Drive, 4D, EV 98.1 MPH)
Issac Clark to second
Runner from 2nd tries for 3rd, SAFE, throw by RF made to third
Batting: LHB Pete Carter 0-0: Called Strike
0-1: Fly out, F8 (Line Drive, 8LM, EV 103.1 MPH)
Top of the 7th over - 0 runs, 2 hits, 0 errors, 2 left on base; Chattanooga 2 - Jacksonville 0
BOTTOM OF THE 7TH
Jacksonville Jumbo Shrimp batting - Pitching for Chattanooga Scouts : RHP Roberto Bush
Batting: RHB Usher Bush 0-0: SINGLE (Line Drive, 7S, EV 101.9 MPH)
Batting: LHB Adrián Soto 0-0: Foul Ball, location: 5DF
0-1: Ball
1-1: SINGLE (Groundball, 4MD, EV 96.3 MPH)
Usher Bush to second
Pitching: LHP Grant Laffitte
Batting: LHB Mason O'Donnell 0-0: Ball
1-0: Foul Ball, location: 2F
1-1: Foul Ball, location: 2F
1-2: Ball
2-2: Strikes out swinging
Pinch Hitting: RHB J.A. Letizio 0-0: Called Strike
0-1: Fly out, F9 (Flyball, 89M, EV 89.4 MPH)
Batting: LHB David Almager 0-0: Ball
1-0: Fly out, F8 (Flyball, 78D, EV 99.4 MPH)
Bottom of the 7th over - 0 runs, 2 hits, 0 errors, 2 left on base; Chattanooga 2 - Jacksonville 0
TOP OF THE 8TH
Chattanooga Scouts batting - Pitching for Jacksonville Jumbo Shrimp : LHP Lee Huwe
Now in LF: Weldon Broadbent
Batting: RHB Parlan Mathis 0-0: Ball
1-0: Ground out 4-3 (Groundball, 4M, EV 86.3 MPH)
Batting: RHB Zach Carlson 0-0: Ground out 6-3 (Groundball, 6, EV 86.9 MPH)
Batting: RHB Luís Yepes 0-0: SINGLE (Line Drive, 56, EV 96.9 MPH)
Batting: RHB Woody Garcia 0-0: Ball
1-0: Foul Ball, location: 9LMF
1-1: Called Strike
1-2: Fly out, F2 (Popup, 25F, EV 90.0 MPH)
Top of the 8th over - 0 runs, 1 hit, 0 errors, 1 left on base; Chattanooga 2 - Jacksonville 0
BOTTOM OF THE 8TH
Jacksonville Jumbo Shrimp batting - Pitching for Chattanooga Scouts : LHP Grant Laffitte
Pitching: RHP Harlan Alawi
Batting: RHB Benjamin Porter 0-0: Called Strike
0-1: Ball
1-1: Ball
2-1: Swinging Strike
2-2: Ball
3-2: Strikes out swinging, 2-3 out at first.
Batting: LHB Jaguare Campos 0-0: SINGLE (Line Drive, 6MD, EV 99.4 MPH)
Batting: LHB Zully Santos 0-0: Foul Ball, location: 3FF
0-1: Foul Ball, location: 25FF
0-2: Ball
1-2: Ball
2-2: DOUBLE (Line Drive, 7LD, EV 103.1 MPH)
Jaguare Campos to third
Runner from 3rd tries for Home, SAFE, throw by LF to home
Batting: RHB Jenaro López 0-0: Ball
1-0: Called Strike
1-1: Foul Ball, location: 3FF
1-2: Foul Ball, location: 23F
1-2: Fly out, F3 (Popup, 3SF, EV 84.4 MPH)
Batting: RHB Usher Bush 0-0: Ball
1-0: Ball
2-0: Called Strike
2-1: Ground out 3-1 (Groundball, 34, EV 96.3 MPH)
Bottom of the 8th over - 1 run, 2 hits, 0 errors, 1 left on base; Chattanooga 2 - Jacksonville 1
TOP OF THE 9TH
Chattanooga Scouts batting - Pitching for Jacksonville Jumbo Shrimp : LHP Lee Huwe
Batting: RHB Evan Montgomery 0-0: Hit by Pitch
Batting: LHB Sebastián Minaya 0-0: Called Strike
0-1: Swinging Strike
0-2: Strikes out swinging
Batting: RHB Issac Clark 0-0: Ball
1-0: Foul Ball, location: 7LMF
1-1: 2-RUN HOME RUN (Line Drive, 7D, EV 103.8 MPH), Distance : 394 ft
Batting: RHB Mason Simmons 0-0: Ball
1-0: Swinging Strike
1-1: Ball
2-1: Called Strike
2-2: Ball
3-2: Strikes out looking
Batting: LHB Pete Carter 0-0: Ball
1-0: Ball
2-0: Called Strike
2-1: Ball
3-1: Foul Ball, location: 2LF
3-2: Foul Ball, location: 2F
3-2: Strikes out swinging
Top of the 9th over - 2 runs, 1 hit, 0 errors, 0 left on base; Chattanooga 4 - Jacksonville 1
BOTTOM OF THE 9TH
Jacksonville Jumbo Shrimp batting - Pitching for Chattanooga Scouts : RHP Harlan Alawi
Pitching: RHP Kannon Noble
Batting: LHB Adrián Soto 0-0: Foul Ball, location: 3DF
0-1: Ball
1-1: Ground out 5-3 (Groundball, 5, EV 101.9 MPH)
Batting: LHB Mason O'Donnell 0-0: Ball
1-0: Ball
2-0: Foul Ball, location: 2F
2-1: Ball
3-1: Called Strike
3-2: Foul Ball, location: 23F
3-2: Ground out 4-3 (Groundball, 4, EV 88.8 MPH)
Batting: LHB Weldon Broadbent 0-0: Ball
1-0: Called Strike
1-1: Foul Ball, location: 2F
1-2: Ground out 3-1 (Groundball, 13, EV 78.8 MPH)
Bottom of the 9th over - 0 runs, 0 hits, 0 errors, 0 left on base; Chattanooga 4 - Jacksonville 1
Wednesday, April 24th , 2024 - OOTP Baseball 24.11 Build 85